 Dungeon Crawl Stone Soup version 0.28-a0-472-g50180c0d78 (webtiles) character file.

Game seed: 2667897060148257596

280 Murumi the Chucker (level 6, 0/52 (61) HPs)
             Began as an Ogre Gladiator on Sept 15, 2021.
             Slain by a wight (5 damage)
             ... on level 4 of the Dungeon.
             The game lasted 00:15:17 (6448 turns).

Murumi the Chucker (Ogre Gladiator)                 Turns: 6448, Time: 00:15:18

HP:   0/52 (61)     AC:  3    Str: 19    XL:     6   Next: 27%
MP:   6/6           EV: 10    Int: 17    God:
Gold: 213           SH:  0    Dex: 10    Spells: 5/5 levels left

rFire   . . .      SeeInvis .   m - +2 flail (drain)
rCold   . . .      Faith    .   (no shield)
rNeg    . . .      Spirit   .   b - +0 robe
rPois   .          Reflect  .   c - +0 hat
rElec   .          Harm     .   (no cloak)
rCorr   .          Rampage  .   (gloves unavailable)
Will    .....                   (boots unavailable)
Stlth   ++........              (no amulet)
HPRegen 0.17/turn               k - +6 ring of intelligence
MPRegen 0.10/turn               (no ring)

@: heavily drained
A: large, unfitting armour, tough skin 1
a: no special abilities


You were on level 4 of the Dungeon.
You visited 1 branch of the dungeon, and saw 5 of its levels.

You collected 213 gold pieces.

Inventory:

Hand Weapons
 d - a +0 whip
 m - a +2 flail of draining (weapon)
Missiles
 a - 2 boomerangs
 f - 115 stones (quivered)
 i - 14 poisoned darts
 j - 3 silver boomerangs
Armour
 b - a +0 robe (worn)
 c - a +0 hat (worn)
Jewellery
 e - an amulet of faith
 k - a +6 ring of intelligence (left hand)
Scrolls
 l - a scroll of magic mapping
Potions
 g - 2 potions of flight


   Skills:
 - Level 3.0 Fighting
 + Level 3.3 Maces & Flails
 - Level 4.0 Throwing
 - Level 1.0 Armour
 - Level 3.0 Dodging
 - Level 3.0 Stealth


You had 5 spell levels left.
You didn't know any spells.
Your spell library contained the following spells:

 Spells                   Type           Power      Damage    Failure   Level
 Shock                    Conj/Air       0%         1d3       24%         1
 Ozocubu's Armour         Ice            0%         N/A       56%         3
 Swiftness                Air            0%         N/A       56%         3
 Airstrike                Air            0%         N/A       93%         4
 Ozocubu's Refrigeration  Ice            0%         4d5       100%        7


Dungeon Overview and Level Annotations

Branches:
Dungeon (5/15)
 Temple: D:4-7

Altars:

Shops:
D:3 [


Innate Abilities, Weirdness & Mutations

You are too large for most types of armour.
You have tough skin. (AC +1)


Message History

The wight hits you with a +1 short sword!
You feel drained.
There is a stone staircase leading up, spattered with blood here.
The wight hits you with a +1 short sword.
You climb upwards.
There is a stone staircase leading down, spattered with blood here.
You barely miss the wight.
The wight hits you with a +1 short sword.
You closely miss the wight.
The wight hits you with a +1 short sword.
You hit the wight.
The wight is lightly damaged.
The wight hits you with a +1 short sword.
The wight hits you with a +1 short sword!
You sock the wight!
The wight is severely damaged.
The wight hits you with a +1 short sword!
* * * LOW HITPOINT WARNING * * *
You feel drained.
* * * LOW HITPOINT WARNING * * *
You barely miss the wight.
The wight is severely damaged.
The wight barely misses you.
You hit the wight but do no damage.
The wight is severely damaged.
The wight barely misses you.
The wight hits you with a +1 short sword!
* * * LOW HITPOINT WARNING * * *
You feel drained.
* * * LOW HITPOINT WARNING * * *
You hit the wight.
The wight is severely damaged.
The wight barely misses you.
You closely miss the wight.
The wight is severely damaged.
The wight completely misses you.
You hit the wight.
The wight is almost destroyed.
The wight hits you with a +1 short sword.
You die...

##########
#........###############
#.######.@z............#
#.# ####.#.#####.##.###
#.# ##.###.##......... #.#
#.## ##........### #.#
#..###.##.#>#..... #.#
#.#.#.###.#....##. #.#
#.##.## #)>#.#.##.
#.#######.##.# #...##.##.
#.........##.####..###.##.


You could see a wight.

Vanquished Creatures
  A wight (D:4)
  2 orc priests (D:3)
  An orc wizard (D:3)
  Robin (D:4)
  3 adders
  2 ufetubi
  2 adder skeletons (D:4)
  3 worms (D:2)
  11 orcs
  2 ball pythons (D:1)
  6 endoplasms
  2 giant cockroaches
  11 goblins
  7 hobgoblins
  5 jackals (D:2)
  5 kobolds
  2 quokkas (D:1)
  4 bats
  2 frilled lizards
  10 rats
82 creatures vanquished.

Vanquished Creatures (others)
  A withered plant (D:1)
1 creature vanquished.

Grand Total: 83 creatures vanquished

Notes
Turn   | Place    | Note
-------+----------+-------------------------------------------
     0 | D:1      | Murumi the Ogre Gladiator began the quest for the Orb.
     0 | D:1      | Reached XP level 1. HP: 22/22 MP: 1/1
   127 | D:1      | Found a faded altar of an unknown god.
   190 | D:1      | Reached XP level 2. HP: 29/31 MP: 2/2
   615 | D:1      | Reached skill level 1 in Stealth
   654 | D:1      | Reached XP level 3. HP: 35/37 MP: 3/3
  1957 | D:2      | Reached XP level 4. HP: 37/45 MP: 4/4
  2069 | D:2      | Reached skill level 1 in Armour
  2751 | D:3      | Found Hytanot's Armour Shoppe.
  3201 | D:3      | Reached skill level 3 in Throwing
  3377 | D:3      | Reached XP level 5. HP: 35/53 MP: 5/5
  3394 | D:3      | Reached skill level 4 in Throwing
  5096 | D:4      | Noticed Robin
  5139 | D:4      | Killed Robin
  5155 | D:4      | Reached XP level 6. HP: 5/61 MP: 6/6
  5888 | D:5      | Entered Level 5 of the Dungeon
  6448 | D:4      | Slain by a wight

Illustrated notes

Levels and vault maps discovered:
D:1:      wander_arrival_peaceful_grave, layout_rooms,
          shapermc_ecumenical_altar_gd
D:2:      layout_basic
D:3:      layout_loops_corners, serial_rivers, chequers_serial_rivers_marsh,
          chequers_serial_rivers_large_b, chequers_serial_rivers_micro_d,
          chequers_serial_rivers_small_a, chequers_serial_rivers_large_a,
          serial_shops, nicolae_shop_crystal,
          hangedman_abyss_or_decor_lesser_grid
D:4:      layout_loops_ring, uniq_robin
D:5:      layout_loops_ring, grunt_temple_overflow_open,
          minmay_temple_entry_trees, ebering_ghost_sewer_f

Skill      XL: |  1  2  3  4  5  6 |
---------------+-------------------+-----
Fighting       | 3 |  3.0
Maces & Flails | 3 |  3.3
Dodging        | 3 |  3.0
Stealth        | 1 2 3 |  3.0
Armour         | 1 |  1.0
Throwing       | 3 4 |  4.0

Action                   |  1- 3 |  4- 6 || total
-------------------------+-------+-------++-------
Melee: Flail             |   160 |    51 ||   211
       Whip              |       |   207 ||   207
Throw: Stone             |    14 |    51 ||    65
       Throwing net      |     3 |     1 ||     4
       Dart              |       |     5 ||     5
  Use: Scroll            |     1 |     3 ||     4
       Potion            |     2 |     3 ||     5
 Stab: Sleeping          |     2 |     4 ||     6
Armor: Robe              |    44 |    34 ||    78
       Skin              |       |     7 ||     7
Dodge: Dodged            |    88 |   109 ||   197

Table legend: (Time is in decaauts)
 A = Elapsed time spent in this place.
 B = Non-inter-level travel time spent in this place.
 C = Inter-level travel time spent in this place.
 D = Time resting spent in this place.
 E = Time spent auto-exploring this place.
 F = Levels seen in this place.
 G = Mean time per level.
                   A        B        C        D        E       F      G
               +--------+--------+--------+--------+--------+-----+--------+
         Total |   6496 |   6141 |    355 |   1154 |   4096 |   5 | 1299.2 |
       Dungeon |   6496 |   6141 |    355 |   1154 |   4096 |   5 | 1299.2 |
               +--------+--------+--------+--------+--------+-----+--------+

Top non-repeatable levels by time:
     D:4: 2071 daAuts
     D:3: 1612 daAuts
     D:2: 1546 daAuts
     D:1: 1215 daAuts
     D:5: 50 daAuts
